Map: Acid Plant LE

Players

Juxtapose

  • Race: Protoss Protoss
  • Spawn Location: 11:00

VOD

https://youtu.be/gNsynD2JIw8

Description

Protoss versus Zerg is one of my worst match ups, always has been, and that holds true for the Elite Versus AI as well.

I should have opened with an Oracle harass, but chose not to, and my opponent simply out macroed me hard.

I hung on for a while though, and still had a lot of fun.

Time

  • Played on: June 19, 2018, 9:50 p.m.
  • Length: 32:46
Show
View Real Time Build Order
Export as new Build Order

Juxtapose Protoss 

Build Orders:  

Get SALT Encoding   

  12  0:04  Probe (Chrono Boost)  
  14  0:21  Probe (Chrono Boost)  
  14  0:25  Pylon  
  14  0:38  Probe (Chrono Boost)  
  15  0:55  Probe (Chrono Boost)  
  15  0:57  Gateway  
  16  1:12  Probe (Chrono Boost)  
  17  1:22  Assimilator  
  17  1:29  Probe (Chrono Boost)  
  18  1:41  Pylon  
  18  1:46  Probe (Chrono Boost)  
  19  1:53  Assimilator  
  19  2:03  Probe (Chrono Boost)  
  19  2:06  Zealot  
  22  2:24  Cybernetics Core  
  16  2:30  Probe (Chrono Boost)  
  23  2:38  Pylon  
  23  2:46  Probe (Chrono Boost)  
  24  3:03  Probe (Chrono Boost)  
  25  3:23  Nexus  
  25  3:59  Pylon  
  25  4:12  Shield Battery  
  25  4:17  Stalker  
  27  4:31  Forge  
  27  4:39  Gateway  
  27  4:41  Warp Gate  
  27  4:43  Gateway  
  27  4:52  Zealot  
  30  5:01  Probe (Chrono Boost)  
  30  5:08  Protoss Ground Weapons Level 1  
  30  5:18  Probe (Chrono Boost)  
  31  5:23  Probe (Chrono Boost)  
  32  5:35  Probe (Chrono Boost)  
  34  5:40  Probe (Chrono Boost)  
  34  5:50  Photon Cannon  
  34  5:52  Probe (Chrono Boost)  
  34  5:57  Probe (Chrono Boost), Pylon  
  36  6:09  Probe (Chrono Boost)  
  37  6:14  Probe (Chrono Boost)  
  38  6:21  Twilight Council  
  38  6:26  Probe (Chrono Boost)  
  40  6:31  Probe (Chrono Boost)  
  40  6:34  Zealot  
  40  6:37  Zealot  
  44  6:43  Probe (Chrono Boost)  
  44  6:48  Probe (Chrono Boost)  
  44  6:49  Assimilator  
  46  6:56  Stalker  
  49  7:00  Probe (Chrono Boost)  
  49  7:08  Probe (Chrono Boost)  
  50  7:10  Assimilator  
  50  7:16  Stalker  
  50  7:17  Probe (Chrono Boost), Stalker  
  55  7:25  Probe (Chrono Boost)  
  56  7:38  Robotics Facility  
  56  7:44  Dark Shrine  
  56  7:48  Probe x2 (Chrono Boost)  
  58  8:04  Pylon  
  58  8:06  Stalker x2  
  62  8:10  Stalker  
  62  8:19  Probe x2 (Chrono Boost)  
  66  8:31  Charge  
  66  8:36  Probe (Chrono Boost)  
  66  8:37  Gateway  
  67  8:45  Protoss Ground Armor Level 1  
  67  8:47  Zealot  
  67  8:48  Stalker, Zealot  
  73  9:03  Immortal  
  77  9:45  Pylon  
  77  9:53  Pylon  
  77  10:10  Immortal  
  77  10:17  Dark Templar x2  
  85  10:25  Dark Templar  
  85  10:26  Dark Templar  
  89  10:35  Pylon  
  89  10:45  Templar Archives  
  89  11:01  Nexus  
  89  11:04  Zealot x2  
  89  11:05  Observer  
  94  11:13  Zealot  
  94  11:14  Stalker  
  98  11:35  Pylon  
  98  11:40  Pylon  
  98  11:45  Pylon  
  98  11:47  Zealot  
  98  11:48  Blink, Zealot  
  78  12:26  Zealot  
  78  12:27  Zealot x2  
  78  12:28  Zealot  
  65  13:00  Probe x3 (Chrono Boost)  
  65  13:03  Dark Templar  
  65  13:04  Dark Templar x2  
  65  13:05  Dark Templar  
  73  13:15  Gateway  
  73  13:17  Probe x3 (Chrono Boost), Psionic Storm  
  73  13:18  Gateway  
  76  13:21  Immortal  
  76  13:25  Protoss Ground Weapons Level 2  
  72  14:09  Zealot x3  
  66  14:10  Zealot  
  66  14:12  Immortal  
  60  14:34  Probe x3 (Chrono Boost)  
  60  14:50  Zealot x2  
  60  14:51  Probe (Chrono Boost), Zealot x2  
  60  14:56  Unknown  
  60  14:57  Immortal  
  59  15:14  Zealot x2  
  50  15:36  Stalker x2  
  50  15:37  Zealot x2  
  58  15:52  Immortal  
  56  16:07  Zealot  
  56  16:08  Zealot x3  
  56  16:09  Zealot x2  
  56  16:30  Unknown  
  53  16:52  Shield Battery  
  53  16:57  Immortal  
  57  17:00  High Templar  
  57  17:01  High Templar  
  57  17:02  High Templar x2  
  57  17:06  Stalker  
  57  17:07  Stalker  
  57  17:08  Nexus  
  69  17:21  Archon  
  69  17:22  Archon  
  69  17:31  Protoss Ground Armor Level 2  
  69  17:47  Pylon  
  69  17:52  Immortal, Pylon  
  69  17:54  Stalker  
  69  17:55  Stalker x2  
  69  17:57  Pylon, High Templar x2  
  69  17:58  High Templar  
  85  18:14  Archon  
  85  18:29  High Templar  
  87  18:30  Zealot x2  
  91  18:59  Archon, Zealot x4  
  99  19:00  Zealot  
  101  19:11  Photon Cannon  
  101  19:14  Photon Cannon  
  101  19:24  Observer  
  101  19:28  Stalker  
  107  19:42  Probe x3 (Chrono Boost)  
  107  19:50  Stalker  
  107  19:54  Observer  
  107  19:58  Probe (Chrono Boost)  
  107  19:59  Probe x2 (Chrono Boost)  
  113  20:15  Assimilator, Probe (Chrono Boost)  
  114  20:21  Shield Battery  
  114  20:22  Assimilator  
  114  20:23  Stalker x2  
  116  21:01  Stalker  
  116  21:02  Stalker  
  116  21:03  Stalker x3  
  116  21:04  Stalker  
  128  21:17  Unknown  
  62  22:06  Immortal  
  58  22:15  Stalker x4  
  58  22:16  Stalker x2  
  62  22:54  High Templar x3  
  62  22:55  High Templar  
  70  23:01  Immortal  
  70  23:04  Nexus  
  74  23:12  Archon  
  74  23:13  Archon  
  74  23:17  High Templar  
  76  23:29  Zealot  
  78  23:41  Zealot x3  
  84  23:52  Immortal  
  84  24:14  Zealot x2  
  84  24:15  Zealot x2  
  84  24:16  Zealot x2  
  80  24:37  Immortal  
  84  24:51  Zealot x3  
  84  24:53  Stalker x2  
  84  24:55  Stalker  
  96  25:10  Pylon  
  96  25:15  Pylon  
  96  25:18  Pylon  
  96  25:24  Immortal  
  94  25:33  High Templar  
  94  25:34  High Templar x2  
  94  25:35  High Templar  
  94  25:36  Zealot x2  
  106  25:46  Archon x2  
  102  26:12  Immortal  
  102  26:14  Assimilator  
  102  26:19  Assimilator  
  106  26:20  Photon Cannon  
  106  26:23  Photon Cannon  
  106  26:25  Probe x2 (Chrono Boost)  
  106  26:26  Probe (Chrono Boost)  
  110  26:31  Zealot  
  110  26:32  Zealot  
  114  26:42  Probe (Chrono Boost)  
  114  26:48  High Templar x2  
  119  26:56  Probe (Chrono Boost)  
  119  26:57  Archon  
  119  27:01  Immortal  
  123  27:21  Stalker  
  123  27:22  Stalker x2  
  123  27:24  Unknown  
  123  27:27  Zealot  
  121  27:48  Immortal  
  125  28:03  Probe x3 (Chrono Boost)  
  125  28:04  Probe (Chrono Boost)  
  133  28:20  Probe x3 (Chrono Boost)  
  133  28:21  Probe (Chrono Boost), Stalker  
  133  28:22  Stalker x2  
  133  28:26  Zealot x3  
  126  29:14  Zealot x4  
  126  29:15  Zealot  
  108  30:01  Nexus  
  108  30:03  Pylon  
  108  30:08  Pylon  
  104  30:14  Pylon  
  81  30:22  Immortal  
  79  30:43  Stalker  
  79  30:44  Zealot x2  
  79  30:45  Zealot x3  
  87  31:04  Unknown  
  75  31:13  Nexus  
  75  31:17  Immortal  
Tags
 
Add a new tag
Caveats
  • Supply blocks, unpowered buildings, or Contaminate may cause inaccurate times.
  • Supply counts are checked every 10 seconds.